 Dungeon Crawl Stone Soup version 0.27.1 (webtiles) character file.

Game seed: 7564579993148007835

2482 jlumianski the Shield-Bearer (level 9, 0/81 HPs)
             Began as a Deep Dwarf Fighter on Sept 3, 2021.
             Slain by an ogre (23 damage)
             ... on level 6 of the Dungeon on Sept 5, 2021.
             The game lasted 00:37:36 (5122 turns).

jlumianski the Shield-Bearer (Deep Dwarf Fighter)   Turns: 5122, Time: 00:37:36

Health: 0/81       AC: 10    Str: 22    XL:     9   Next: 27%
Magic:  7/7        EV:  9    Int: 10    God:
Gold:   262        SH: 10    Dex: 12    Spells: 8/8 levels left

rFire    + . .     SeeInvis .   I - +5 flail (drain)
rCold    . . .     Faith    .   c - +0 kite shield
rNeg     . . .     Spirit   .   L - +0 scale mail {rF+}
rPois    .         Reflect  .   K - +0 helmet
rElec    .         Harm     .   (no cloak)
rCorr    .         Rampage  .   (no gloves)
Will     +....                  y - +0 pair of boots
Stlth    ++........             (no amulet)
HPRegen  0.00/turn              (no ring)
MPRegen  0.10/turn              (no ring)

@: no status effects
A: damage resistance, heal wounds, sense surroundings 2, no regeneration
a: Heal Wounds


You were on level 6 of the Dungeon.
You visited 1 branch of the dungeon, and saw 7 of its levels.

You collected 262 gold pieces.

Inventory:

Hand Weapons
 a - a +0 war axe
 g - a +0 vampiric whip
 i - a +2 vorpal spear
 r - a +2 falchion of holy wrath
 s - a +0 short sword of venom
 t - a +1 dagger of draining
 v - a +2 trident of holy wrath
 x - a +1 dagger of venom
 I - a +5 flail of draining (weapon)
Missiles
 e - 8 javelins
 h - 162 stones
 j - 63 bolts
 n - 51 poisoned darts (quivered)
 w - 5 boomerangs
 D - 6 datura-tipped darts
Armour
 b - a +0 scale mail
 c - a +0 kite shield (worn)
 y - a +0 pair of boots (worn)
 F - a +0 chain mail
 K - a +0 helmet (worn)
 L - a +0 scale mail of fire resistance (worn)
 N - a +2 pair of boots of flying
Magical Staves
 u - a staff of air
Wands
 C - a wand of flame (18)
 J - a wand of acid (6)
 Q - a wand of digging (5)
Scrolls
 l - 2 scrolls of identify
 q - 3 scrolls of teleportation
 A - a scroll of blinking
 G - a scroll of fear
 H - a scroll of enchant weapon {unknown}
 M - a scroll of fog {unknown}
 P - a scroll of summoning {unknown}
Potions
 d - a potion of might
 f - 3 potions of flight
 k - a potion of cancellation
 m - a potion of berserk rage
 o - a potion of ambrosia {unknown}
 p - 6 potions of curing
 z - a potion of degeneration {unknown}
 B - a potion of attraction {unknown}
 E - a potion of brilliance {unknown}
 O - a potion of haste {unknown}


   Skills:
 + Level 5.1 Fighting
 + Level 3.0(5.2) Axes
 + Level 4.6(5.0) Maces & Flails
 + Level 3.1(3.6) Polearms
 + Level 1.1 Throwing
 + Level 6.3 Armour
 + Level 4.0 Dodging
 * Level 5.9 Stealth
 + Level 6.5 Shields


You had 8 spell levels left.
You didn't know any spells.
Your spell library contained the following spells:

 Spells                   Type           Power      Damage    Failure   Level
 Corpse Rot               Necr/Air       N/A        N/A       99%         2
 Poisonous Vapours        Pois/Air       0%         N/A       99%         2
 Ozocubu's Armour         Ice            0%         N/A       100%        3
 Freezing Cloud           Conj/Ice/Air   0%         6-21      100%        5
 Ozocubu's Refrigeration  Ice            0%         4d5       100%        7


Dungeon Overview and Level Annotations

Branches:
Dungeon (7/15)
 Temple: D:4-7

Altars:
Dithmenos
Ru
Trog
Yredelemnul

Shops:
D:1 =   D:3 =   D:4 ?


Innate Abilities, Weirdness & Mutations

You are resistant to damage.
You can heal yourself by infusing magical energy.
You passively map the area around you.
You do not regenerate.


Message History

Really walk into that teleport trap?
You enter a teleport trap!
The teleport trap disappears.
Your surroundings suddenly seem different.
There is a stone staircase leading up, spattered with blood here.
You climb upwards.
There is a stone staircase leading down, spattered with blood here.
You feel much better.
You climb downwards.
There is a stone staircase leading up, spattered with blood here.
You see here a +0 short sword.
You see here 19 sling bullets.
Throw: 52 darts (poison)
Press: ? - help, Q - select action, (/) - cycle Shift-Dir - straight line, f - ogre
Aim: an ogre, wielding a +0 giant spiked club (wandering, hasn't noticed you, 74% to hit)
You throw a poisoned dart. The poisoned dart hits the ogre.
The ogre is poisoned.
The ogre shouts!
The orc shouts!
You barely miss the ogre.
The ogre is lightly wounded.
You block the ogre's attack.
You completely miss the ogre.
The ogre is lightly wounded.
The ogre hits you with a +0 giant spiked club!
* * * LOW HITPOINT WARNING * * *
You hit the ogre.
The ogre is moderately wounded.
The ogre barely misses you.
You closely miss the ogre.
The ogre is moderately wounded.
The ogre looks more healthy.
The ogre closely misses you.
You closely miss the ogre.
The ogre is moderately wounded.
The ogre hits you with a +0 giant spiked club.
You barely miss the ogre.
The ogre is moderately wounded.
You block the ogre's attack.
You sock the ogre!
The ogre is severely wounded.
The ogre hits you with a +0 giant spiked club!!
You die...

###....#[# #..#
##.....# #..#
##.#.#.###.#####
#..#...##......#
##.##...(.......#
##..#..##>†##....#
#..#..####o##....#
#)#..## #O##....#
##.#.## #@##....#
#####....# #..######
##.....)..# ##.##
..).......# #..##
<[###.#.### ##..## ..#
#.#.## #...#
..###....#########.###
...[..#....(.......#
#####.#.....########


You could see an ogre and an orc.

Vanquished Creatures
  Edmund (D:5)
  Menkaure (D:5)
  A water moccasin (D:6)
  2 ogres
  3 necrophages
  3 centaurs
  2 phantoms
  3 scorpions
  A water moccasin skeleton (D:6)
  9 wights
  A bullfrog zombie (D:7)
  2 centaur zombies
  2 hounds (D:5)
  An orc priest (D:2)
  A bullfrog skeleton (D:5)
  An iguana (D:6)
  Terence (D:2)
  An orc wizard (D:2)
  A howler monkey zombie (D:6)
  4 adders
  3 gnolls (D:1)
  An ufetubus (D:7)
  2 worms
  20 orcs
  8 endoplasms
  5 giant cockroaches
  3 goblins
  9 hobgoblins
  5 jackals
  3 kobolds
  3 quokkas
  4 ball pythons
  6 bats
  2 frilled lizards
  A quokka skeleton (D:4)
116 creatures vanquished.

Notes
Turn   | Place    | Note
-------+----------+-------------------------------------------
     0 | D:1      | jlumianski the Deep Dwarf Fighter began the quest for the
                  | Orb.
     0 | D:1      | Reached XP level 1. HP: 20/20 MP: 1/1
     6 | D:1      | Noticed a black bear
     6 | D:1      | Noticed a komodo dragon
     6 | D:1      | Noticed a salamander
     7 | D:1      | Noticed a six-headed hydra
     7 | D:1      | Noticed a lindwurm
   105 | D:1      | Reached XP level 2. HP: 25/28 MP: 2/2
   121 | D:1      | Found Cugautar's Jewellery Emporium.
   145 | D:1      | Reached XP level 3. HP: 20/34 MP: 3/3
   590 | D:1      | Found a faded altar of an unknown god.
   928 | D:2      | Noticed Terence
   943 | D:2      | Killed Terence
   944 | D:2      | Reached XP level 4. HP: 17/44 MP: 4/4
  1210 | D:3      | Noticed a centaur
  1272 | D:3      | Killed a centaur
  1273 | D:3      | Reached skill level 1 in Maces & Flails
  1273 | D:3      | Reached XP level 5. HP: 40/50 MP: 5/5
  1555 | D:3      | You fall into a shaft and drop 1 floor!
  1557 | D:4      | Noticed a necrophage
  1572 | D:4      | Killed a necrophage
  1573 | D:4      | Reached XP level 6. HP: 31/55 MP: 6/6
  1669 | D:3      | Found Dobeduos's Jewellery Emporium.
  1768 | D:3      | Found a shadowy altar of Dithmenos.
  2317 | D:4      | Found Tusaajoo's Magic Scroll Shoppe.
  2370 | D:4      | Reached skill level 1 in Stealth
  2598 | D:4      | Reached XP level 7. HP: 51/64 MP: 7/7
  2928 | D:4      | Reached skill level 5 in Shields
  2951 | D:4      | Found a basalt altar of Yredelemnul.
  3037 | D:5      | Entered Level 5 of the Dungeon
  3053 | D:5      | Found a sacrificial altar of Ru.
  3067 | D:5      | Noticed Edmund
  3088 | D:5      | Killed Edmund
  3096 | D:5      | Found a bloodstained altar of Trog.
  3143 | D:5      | Reached skill level 5 in Armour
  3617 | D:5      | Noticed Menkaure
  3635 | D:5      | Killed Menkaure
  3636 | D:5      | Reached XP level 8. HP: 34/73 MP: 7/7
  4353 | D:6      | Reached skill level 1 in Polearms
  4363 | D:6      | HP: 1/71 [wight (6)]
  4380 | D:6      | Reached skill level 1 in Throwing
  4508 | D:5      | Reached skill level 5 in Stealth
  4735 | D:6      | Reached skill level 5 in Fighting
  4857 | D:6      | Gained mutation: You passively map the area around you.
                  | [Deep Dwarf growth]
  4857 | D:6      | Reached XP level 9. HP: 23/69 MP: 7/7
  5122 | D:6      | Slain by an ogre

Illustrated notes

Levels and vault maps discovered:
D:1:      onia_arrival_zoo_common, layout_rooms,
          shapermc_ecumenical_altar_hornbeckon, serial_shops,
          nicolae_diamond_shop
D:2:      layout_rooms, uniq_terence
D:3:      layout_loops_ring, grunt_dithmenos_smoke, serial_shops, shop_statue
D:4:      layout_loops_ring, marbit_many_paths, serial_shops,
          nicolae_take_the_stairs
D:5:      layout_layer_cave, trog_three_pillars_becter, nicolae_ru_awakened_eye,
          hex_tiny, uniq_menkaure, uniq_edmund
D:6:      layout_rooms
D:7:      layout_cave_pools, minmay_temple_entry_glass, hangedman_glass_teeth,
          nicolae_underground_beach

Skill      XL: |  1  2  3  4  5  6  7  8  9 |
---------------+----------------------------+-----
Fighting       | 3 4 5 |  5.1
Shields        | 4 5 6 |  6.5
Maces & Flails | 1 2 3 4 |  4.6
Dodging        | 2 3 4 |  4.0
Armour         | 4 5 6 |  6.3
Axes           | 3 |  3.0
Stealth        | 1 3 5 |  5.9
Polearms       | 2 3 |  3.1
Throwing       | 1 |  1.1

Action                   |  1- 3 |  4- 6 |  7- 9 || total
-------------------------+-------+-------+-------++-------
Melee: War axe           |    21 |    34 |     1 ||    56
       Whip              |    42 |   283 |   164 ||   489
       Dagger            |       |       |    14 ||    14
       Spear             |       |       |    41 ||    41
       Trident           |       |       |    96 ||    96
       Flail             |       |       |    30 ||    30
Throw: Javelin           |     2 |     2 |       ||     4
       Dart              |     1 |    10 |     7 ||    18
 Abil: Heal Wounds       |       |     3 |    10 ||    13
  Use: Scroll            |     1 |       |     5 ||     6
       Potion            |       |     1 |       ||     1
Armor: Scale mail        |    28 |   123 |   124 ||   275
Dodge: Dodged            |    19 |    88 |   134 ||   241
Block: Kite shield       |    38 |   156 |   198 ||   392
